 Dungeon Crawl Stone Soup version 0.31.0-12-g77e489cdc1 (webtiles) character file.

Game seed: 2150900285474746510

5 sking99 the Magician (level 1, -3/16 HPs)
             Began as a Djinni Summoner on Feb 29, 2024.
             Frozen to death by an endoplasm (4 damage)
             ... on level 1 of the Dungeon.
             The game lasted 00:00:30 (107 turns).

sking99 the Magician (Djinni Summoner)               Turns: 107, Time: 00:00:30

Health: -3/16      AC:  2    Str:  7    XL:     1   Next: 88%
Gold:   11         EV: 12    Int: 16    God:
                   SH:  0    Dex: 13

rFire   + + .        (no weapon)
rCold   x . .        (no shield)
rNeg    . . .        a - +0 robe
rPois   ∞            (no helmet)
rElec   .            (no cloak)
rCorr   .            (no gloves)
SInv    .            (boots unavailable)
Will    .....        (no amulet)
Stlth   ++           (no ring)
HPRegen 0.22/turn    (no ring)
MPRegen 0.00/turn

%: infuse magic (-4 HP)
@: flying
A: sickness immunity, fire resistance 2, cold vulnerability 1, float, innate
caster, HP casting, extra vitality 1
a: no special abilities


You were on level 1 of the Dungeon.
You visited 1 branch of the dungeon, and saw 1 of its levels.

You collected 11 gold pieces.

Inventory:

Armour
 a - a +0 robe (worn)
Scrolls
 b - a scroll of identify {unknown}
 c - a scroll of enchant weapon {unknown}


   Skills:
 + Level 0.7 Fighting
 - Level 2.1 Dodging
 - Level 1.5 Stealth
 + Level 3.6 Spellcasting
 + Level 3.6 Conjurations
 + Level 3.6 Hexes
 + Level 3.6 Summonings
 + Level 3.6 Necromancy
 + Level 3.6 Translocations
 + Level 3.6 Fire Magic
 + Level 3.6 Ice Magic
 + Level 3.6 Air Magic
 + Level 3.6 Earth Magic
 + Level 3.6 Alchemy


You knew the following spells:

 Your Spells              Type           Power      Damage    Failure   Level
a - Summon Small Mammal   Summ           56%        N/A       4%          1
b - Call Imp              Summ           28%        N/A       6%          2
c - Call Canine Familiar  Summ           14%        N/A       12%         3
d - Summon Blazeheart Go  Fire/Summ      14%        N/A       36%         4
e - Summon Lightning Spi  Summ/Air       14%        N/A       36%         4
Your spell library was empty.

Dungeon Overview and Level Annotations

Branches:
Dungeon (1/15)

Altars:


Innate Abilities, Weirdness & Mutations

You are immune to sickness and miasma.
You are immune to poison.
Your flesh is very heat resistant. (rF++)
You are vulnerable to cold. (rC-)
You float through the air rather than walking.
You learn spells naturally, not from books.
Your magical power is your life essence.
You have superior vitality. (+4 MHP)


Message History

Found 15 gold pieces.
A hobgoblin is nearby!
You see here 9 gold pieces.
The hobgoblin shouts!
The hobgoblin barely misses you.
You hit the hobgoblin but do no damage.
Your quokka bites the hobgoblin.
The hobgoblin hits your quokka.
You hit the hobgoblin but do no damage.
The hobgoblin is heavily wounded.
Your quokka closely misses the hobgoblin.
The hobgoblin closely misses you.
An endoplasm comes into view.
You barely miss the hobgoblin.
The hobgoblin is heavily wounded.
Your quokka closely misses the hobgoblin.
Your quokka bites the hobgoblin.
The hobgoblin dies!
Your quokka disappears in a puff of smoke!
The endoplasm freezes you.
You are frozen!
You feel a terrible chill!
Casting: Summon Small Mammal (safe; 4% risk of failure)
Confirm with . or Enter, or press ? or * to list all spells.
The endoplasm hits you.
You hit the endoplasm.
The endoplasm is lightly wounded.
The endoplasm completely misses you.
You hit the endoplasm but do no damage.
The endoplasm is lightly wounded.
The endoplasm hits you.
Your rat bites the endoplasm.
You hit the endoplasm but do no damage.
The endoplasm is heavily wounded.
The endoplasm freezes you.
You are frozen.
You feel a terrible chill!
* * * LOW HITPOINT WARNING * * *
Your rat bites the endoplasm but does no damage.
You hit the endoplasm.
The endoplasm is severely wounded.
The endoplasm freezes you.
You are frozen.
You feel a terrible chill!
You die...

## #. # ....#.#######
#. #.#.#.#.#...... ...#
.............. #...####
.....#......
#......####.#......####
#..r@........#..††..#
#..J...#.............
#..#.#.#........#....
#.....†...$..####..(.
#..#$.§...##.##......
....#########.......#.
#.## ... .......... #.
## ##.#######..#.
..####...####...:##


You could see an endoplasm (ally target) and a friendly rat (summoned).

Vanquished Creatures
  2 hobgoblins (D:1)
2 creatures vanquished.

Vanquished Creatures (collateral kills)
  2 hobgoblins (D:1)
2 creatures vanquished.

Grand Total: 4 creatures vanquished

Notes
Turn   | Place    | Note
-------+----------+-------------------------------------------
     0 | D:1      | sking99 the Djinni Summoner began the quest for the Orb.
     0 | D:1      | sking99 set off with the following spells memorised: Summon
                  | Small Mammal, Call Imp, Call Canine Familiar, Summon
                  | Blazeheart Golem, Summon Lightning Spire.
     0 | D:1      | Reached XP level 1. HP: 15/15 MP: 0/0
   107 | D:1      | Frozen to death by an endoplasm

Illustrated notes

Levels and vault maps discovered:
D:1:      eino_arrival_water_star, layout_basic

Action                     || total
---------------------------++-------
  Melee: Unarmed           ||    19
   Cast: Summon Small Mamm ||     6
 Armour: Robe              ||     7
  Dodge: Dodged            ||     9
